Map: Ulrena

Players

Faith - Winner!

  • Race: Zerg Zerg
  • League: Master

Nuc

  • Race: Terran Terran
  • League: Diamond

VOD

Have the link to the VOD?

Description

Time

  • Played on: Jan. 23, 2016, 12:42 p.m.
  • Length: 12:49
Show
View Real Time Build Order
Export as new Build Order

Faith Zerg - Winner!

Build Orders: Pool First 

Get SALT Encoding   

  12  0:18  Spawning Pool  
  11  0:22  Drone  
  11  0:27  Drone  
  13  0:32  Drone  
  14  0:43  Overlord  
  14  1:04  Zergling x4  
  14  1:05  Zergling x2  
  17  1:20  Hatchery  
  17  1:21  Drone  
  17  1:27  Drone  
  18  1:36  Queen  
  20  1:45  Overlord  
  20  1:55  Drone  
  20  1:57  Extractor  
  20  2:12  Drone  
  20  2:13  Drone  
  20  2:14  Queen  
  23  2:24  Drone  
  24  2:32  Queen  
  26  2:37  Drone x2  
  26  2:42  Drone  
  29  2:45  Drone x2  
  29  2:46  Drone  
  32  2:53  Overlord  
  32  3:03  Metabolic Boost  
  31  3:11  Drone x3  
  34  3:18  Drone x3  
  37  3:37  Hatchery  
  36  3:43  Extractor  
  36  3:44  Drone x2  
  36  3:45  Roach Warren  
  36  3:55  Drone x3  
  38  3:56  Drone x2  
  38  4:00  Overlord  
  41  4:07  Drone x2  
  43  4:14  Overlord  
  43  4:22  Overlord  
  43  4:25  Roach x3  
  46  4:39  Drone x4  
  46  4:44  Evolution Chamber  
  48  4:46  Evolution Chamber  
  48  4:47  Ravager  
  48  4:48  Ravager x2  
  50  4:58  Drone x4  
  54  5:05  Drone x3  
  57  5:07  Drone x2  
  57  5:14  Zerg Missile Weapons Level 1  
  59  5:16  Overlord  
  59  5:20  Overlord  
  59  5:24  Zerg Ground Armor Level 1  
  59  5:28  Overlord  
  59  5:30  Overlord  
  59  5:38  Drone  
  59  5:39  Drone x4, Extractor  
  59  5:41  Extractor  
  62  5:49  Lair  
  62  5:50  Drone  
  62  5:51  Drone x3  
  62  5:53  Drone x2  
  62  5:56  Drone  
  69  6:00  Drone x3  
  72  6:07  Overlord  
  72  6:08  Overlord  
  72  6:09  Drone x2  
  72  6:10  Drone  
  77  6:18  Roach x2  
  77  6:19  Roach  
  81  6:26  Overlord x2  
  81  6:28  Roach x3  
  87  6:38  Roach x5  
  97  6:46  Roach x5  
  106  6:48  Glial Reconstitution  
  106  6:55  Overlord  
  106  6:56  Overlord x2  
  106  6:57  Overlord  
  106  7:08  Roach x3  
  112  7:11  Ravager  
  113  7:16  Ravager x3  
  113  7:19  Zergling x16  
  124  7:27  Roach x4  
  132  7:35  Hatchery  
  131  7:38  Roach x5  
  118  7:53  Roach x4  
  118  7:54  Roach x2  
  118  7:57  Extractor  
  129  7:59  Extractor  
  129  8:03  Roach x5  
  138  8:11  Overlord x4  
  97  8:30  Roach x2  
  97  8:31  Roach x9  
  118  8:34  Drone x2  
  119  8:44  Ravager x2  
  119  8:46  Roach  
  123  8:58  Ravager  
  123  9:00  Ravager x2  
  125  9:10  Roach x6  
  125  9:11  Drone  
  125  9:12  Drone x11  
  125  9:13  Queen  
  125  9:14  Extractor  
  125  9:15  Extractor  
  147  9:20  Ravager x2  
  147  9:21  Zergling x6  
  150  9:35  Roach x7  
  151  9:58  Roach x4  
  151  9:59  Overlord x4  
  159  10:05  Roach x2  
  140  10:19  Roach x11  
  140  10:20  Roach  
  164  10:33  Zerg Missile Weapons Level 2  
  164  10:35  Roach x5  
  169  10:36  Roach x3  
  114  10:57  Roach  
  114  10:58  Roach x12  
  114  11:03  Drone x3  
  114  11:04  Drone  
  144  11:09  Ravager  
  144  11:10  Ravager x6  
  151  11:13  Roach  
  151  11:14  Roach x2  
  157  11:22  Ravager  
  157  11:23  Ravager  
  159  11:30  Roach x7  
  159  11:31  Roach  
  169  11:54  Roach x5  
  161  12:06  Roach x8  
  161  12:07  Roach x6  
  170  12:23  Roach x5  
Show
View Real Time Build Order
Export as new Build Order

Nuc Terran 

Build Orders: Liberator Opening, Bio Tank 

Get SALT Encoding   

  12  0:01  SCV  
  13  0:13  SCV  
  14  0:18  Supply Depot  
  14  0:25  SCV  
  15  0:39  SCV  
  15  0:41  Barracks  
  16  0:46  Refinery  
  16  0:51  SCV  
  17  1:03  SCV  
  18  1:16  SCV  
  18  1:17  Refinery  
  19  1:28  Reaper, Orbital Command  
  19  1:30  Supply Depot  
  20  1:55  SCV  
  20  1:58  Factory  
  21  2:07  SCV  
  22  2:11  Reaper  
  23  2:19  SCV  
  24  2:31  SCV  
  25  2:43  Factory Tech Lab, SCV  
  26  2:45  Command Center  
  26  2:49  Starport  
  26  2:57  Barracks Reactor  
  26  2:59  Supply Depot  
  26  3:09  Siege Tank  
  26  3:10  Liberator  
  29  3:17  SCV  
  30  3:29  SCV  
  34  3:34  Marine x2  
  34  3:38  Supply Depot  
  37  3:41  SCV  
  37  3:55  Marine x2  
  39  3:57  SCV, Siege Tank, Orbital Command  
  43  4:10  SCV  
  43  4:11  Barracks  
  43  4:13  Orbital Command  
  44  4:17  Viking  
  44  4:18  Marine  
  44  4:19  Marine  
  44  4:22  SCV  
  49  4:35  SCV  
  49  4:38  SCV  
  51  4:47  SCV  
  51  4:48  Marine  
  51  4:49  Marine  
  51  4:50  SCV  
  55  4:53  Starport Reactor  
  55  4:59  SCV  
  56  5:00  Supply Depot  
  56  5:02  Supply Depot, SCV  
  56  5:04  Siege Tank  
  56  5:05  Barracks Tech Lab  
  60  5:11  SCV  
  60  5:13  Refinery  
  61  5:14  SCV  
  62  5:23  SCV  
  62  5:25  Refinery, Marine x3  
  62  5:26  SCV  
  62  5:27  Stimpack  
  67  5:35  SCV  
  67  5:38  SCV  
  69  5:43  Supply Depot, Marine  
  69  5:46  Marine x2  
  69  5:48  SCV, Siege Tank  
  76  5:51  SCV  
  76  5:56  Supply Depot  
  77  5:57  Supply Depot  
  77  6:00  SCV  
  78  6:05  SCV, Medivac  
  81  6:12  SCV  
  81  6:16  Marine  
  81  6:17  SCV  
  84  6:20  Command Center  
  84  6:24  SCV  
  85  6:29  SCV  
  86  6:39  Marine x3  
  89  6:41  SCV, Supply Depot  
  89  6:43  Supply Depot  
  90  6:48  SCV  
  90  6:52  Medivac  
  90  6:53  SCV, Barracks  
  90  6:54  Barracks  
  94  6:55  Barracks  
  94  7:02  Engineering Bay  
  94  7:16  Marine x2, Medivac  
  94  7:17  Marine  
  94  7:20  Siege Tank  
  102  7:28  Combat Shields  
  99  7:45  Marine  
  99  7:47  Marine x3  
  99  7:51  Marine  
  99  7:52  Siege Tank, Marine  
  102  8:03  Marine  
  102  8:05  Marine x3  
  103  8:09  Marine x2  
  102  8:21  Marine  
  102  8:23  Marine x3  
  102  8:24  Siege Tank  
  102  8:26  Planetary Fortress  
  101  8:27  Marine x2  
  103  8:34  SCV  
  103  8:35  SCV  
  103  8:39  Terran Infantry Weapons Level 1, Marine  
  103  8:40  Marine  
  103  8:41  Engineering Bay, Marine x2  
  108  8:44  Armory  
  108  8:45  Marine x2  
  108  8:47  SCV x2  
  112  8:56  Siege Tank, Marine  
  112  8:58  Marine x2  
  112  8:59  Marine  
  118  9:08  Marine x2  
  121  9:10  SCV x3  
  121  9:14  Marine  
  121  9:16  Terran Infantry Armor Level 1, Marine  
  125  9:18  Barracks Tech Lab  
  125  9:19  Barracks Tech Lab  
  125  9:20  Medivac  
  125  9:22  SCV x3  
  130  9:27  Marauder  
  132  9:34  SCV  
  133  9:42  Supply Depot  
  133  9:44  Supply Depot  
  133  9:45  Supply Depot  
  133  9:46  Marine  
  133  9:50  Marine  
  133  9:51  SCV  
  133  9:54  Marine x2  
  133  9:57  SCV, Marine  
  133  10:01  SCV, Marine  
  133  10:03  SCV  
  133  10:04  Siege Tank, Marine  
  135  10:07  Marine  
  135  10:09  SCV  
  135  10:12  Marine x2  
  135  10:13  SCV  
  133  10:15  Marine  
  133  10:16  SCV  
  133  10:19  Marine  
  125  10:21  SCV  
  125  10:22  Marine  
  125  10:25  SCV, Refinery, Marine  
  125  10:26  Command Center, Refinery  
  125  10:28  SCV  
  130  10:30  Marine x2  
  130  10:33  SCV, Marine  
  128  10:36  Siege Tank, Marine  
  128  10:37  SCV  
  128  10:39  Marine  
  124  10:43  Marine  
  124  10:48  Marine x2  
  124  10:49  SCV  
  116  10:51  Marine  
  116  10:54  Marine  
  109  10:57  Marine  
  109  10:58  SCV  
  109  11:01  Marine  
  111  11:05  Barracks, Marine  
  111  11:06  Marine  
  111  11:07  Factory, Barracks x2, Liberator x2  
  111  11:08  Siege Tank, Marine  
  111  11:11  SCV  
  118  11:14  Marine  
  118  11:15  Marine  
  120  11:19  Marine  
  120  11:23  SCV, Marine x2  
  130  11:32  Marine x2  
  126  11:33  Marine  
  126  11:37  Marine  
  129  11:40  Siege Tank  
  115  11:58  Marine x4  
  115  11:59  Marine x2  
  94  12:13  Siege Tank  
  89  12:16  Marine x4  
  89  12:17  Marine x2  
  89  12:19  Orbital Command  
  76  12:24  SCV x2  
  68  12:36  SCV x2  
Tags
 
Add a new tag
Caveats
  • Supply blocks, unpowered buildings, or Contaminate may cause inaccurate times.
  • Supply counts are checked every 10 seconds.